 Dungeon Crawl Stone Soup version 0.30-a0-808-g6e0788376e (webtiles) character file.

Game seed: 13366163291956776152

3450 cforsyth the Covert (level 10, -4/85 HPs)
             Began as a Kobold Brigand on Feb 25, 2023.
             Was a Believer of Hepliaklqana.
             Slain by a killer bee (5 damage)
             ... on level 9 of the Dungeon.
             The game lasted 00:10:33 (8436 turns).

cforsyth the Covert (Kobold Brigand)                Turns: 8436, Time: 00:10:34

Health: -4/85      AC:  8    Str: 12    XL:     10   Next: 26%
Magic:  10/10      EV: 20    Int: 13    God:    Hepliaklqana [**....]
Gold:   472        SH:  0    Dex: 20    Spells: 9/9 levels left

rFire   + + .      SeeInvis .    b - +10 long sword "Paiklig" {elec, *Rage rF++ Str+3 Stlth+}
rCold   . . .      Faith    .    (no shield)
rNeg    . . .      Spirit   .    H - +1 leather armour {rPois}
rPois   +          Reflect  .    u - +0 helmet
rElec   .          Harm     .    c - +0 cloak
rCorr   .          Rampage  .    x - +1 pair of gloves
Will    .....      Rage     20%  (no boots) Stlth
                                 (no amulet)
HPRegen 0.34/turn                (no ring)
MPRegen 0.12/turn                (no ring)

@: berserking, lethally poisoned (-4 -> -9), very quick
A: reduced essence, small, no large weapons, nightstalker 3
a: Renounce Religion, Recall Ancestor, Ancestor Identity


You were on level 9 of the Dungeon.
You worshipped Hepliaklqana.
Hepliaklqana was pleased with you.
You visited 2 branches of the dungeon, and saw 10 of its levels.

You collected 472 gold pieces.

Inventory:

Hand Weapons
 a - the +6 rapier "Heitug" {protect, Str+8}
   (You found it on level 8 of the Dungeon)

   Str:       It affects your strength (+8).
 b - the +10 long sword "Paiklig" (weapon) {elec, *Rage rF++ Str+3 Stlth+}
   (You found it on level 3 of the Dungeon)

   Str:       It affects your strength (+3).
   rF:        It greatly protects you from fire.
   *Rage:     It berserks you when you make melee attacks (+20% chance).
   Stlth:     It makes you more stealthy.
Missiles
 d - 24 poisoned darts (quivered)
 e - 5 curare-tipped darts
 C - 4 throwing nets
Armour
 c - a +0 cloak (worn)
 u - a +0 helmet (worn)
 x - a +1 pair of gloves (worn)
 H - a +1 leather armour of poison resistance (worn)
Jewellery
 o - a ring of see invisible
 p - a ring of flight
 v - a ring of fire
Wands
 y - a wand of iceblast (7)
Scrolls
 g - 3 scrolls of vulnerability {unknown}
 h - 4 scrolls of identify {unknown}
 i - 2 scrolls of teleportation {unknown}
 j - 2 scrolls of noise {unknown}
 l - 3 scrolls of enchant armour {unknown}
 n - 3 scrolls of blinking {unknown}
 q - 2 scrolls of butterflies {unknown}
 s - a scroll of torment {unknown}
 B - a scroll of fog {unknown}
 D - a scroll of amnesia {unknown}
 E - a scroll of poison {unknown}
 G - 2 scrolls of enchant weapon {unknown}
 I - a scroll of magic mapping {unknown}
Potions
 f - 2 potions of flight {unknown}
 k - 3 potions of attraction {unknown}
 m - 4 potions of curing
 r - 3 potions of lignification {unknown}
 t - a potion of experience {unknown}
 w - a potion of magic {unknown}
 z - 3 potions of degeneration {unknown}
 A - a potion of heal wounds {unknown}
 F - a potion of cancellation {unknown}


   Skills:
 + Level 8.0 Fighting
 + Level 9.6 Short Blades
 - Level 2.1 Throwing
 + Level 8.4 Dodging
 + Level 11.2 Stealth


You had 9 spell levels left.
You didn't know any spells.
Your spell library contained the following spells:

 Spells                   Type           Power      Damage    Failure   Level
 Magic Dart               Conj           0%         1d3       36%         1
 Call Imp                 Summ           0%         N/A       52%         2
 Inner Flame              Hex/Fire       0%         N/A       75%         3
 Mephitic Cloud           Conj/Pois/Air  0%         N/A       75%         3
 Portal Projectile        Hex/Tloc       0%         N/A       75%         3
 Tukima's Dance           Hex            0%         N/A       75%         3
 Flame Wave               Conj/Fire      0%         2d4       98%         4
 Sticky Flame             Conj/Fire      0%         2d3       98%         4
 Summon Ice Beast         Ice/Summ       0%         N/A       98%         4
 Blade Hands              Tmut           0%         N/A       100%        5
 Summon Mana Viper        Hex/Summ       0%         N/A       100%        5
 Monstrous Menagerie      Summ           0%         N/A       100%        7


Dungeon Overview and Level Annotations

Branches:
Dungeon (9/15)             Temple (1/1) D:5
   Lair: D:8-11         Orc: D:9-12

Altars:
Ashenzari
Cheibriados
Dithmenos
Elyvilon
Fedhas
Hepliaklqana
Kikubaaqudgha
Nemelex Xobeh
Okawaru
Qazlal
Ru
Trog
Uskayaw
Vehumet
Xom
Yredelemnul
Zin
The Shining One

Shops:
D:2 =   D:5 =   D:7 *!

Annotations:
D:4 3 runed translucent doors
D:6 2 transporters


Innate Abilities, Weirdness & Mutations

Your life essence is reduced to manifest your ancestor. (-10% HP)
You are small and have problems with some larger weapons.
You are completely attuned to the shadows.


Message History

You closely miss the killer bee.
You feel sick.
You are no longer poisoned.
The killer bee completely misses you. The killer bee closely misses you.
The killer bee stings you but does no damage.
The killer bee barely misses you. The killer bee completely misses you.
The killer bee stings you but does no damage.
The killer bee completely misses you. x2; The killer bee closely misses you.
The killer bee misses you.
Senakhtenre hits the killer bee but does no damage.
Senakhtenre drains the killer bee.
Unknown command.
You slice the killer bee!!
You kill the killer bee!
The killer bee closely misses you. The killer bee stings you.
* * * LOW HITPOINT WARNING * * *
You are poisoned.
The killer bee poisons you! The killer bee completely misses you.
The killer bee closely misses you.
Senakhtenre hits the killer bee with a +0 dagger of draining.
The killer bee misses you. x3
The killer bee stings you but does no damage.
Senakhtenre casts a spell at the killer bee.
The killer bee seems to slow down.
You slice the killer bee!!
You kill the killer bee!
* * * LOW HITPOINT WARNING * * *
You feel sick.
A killer bee comes into view.
The killer bee barely misses you. x2
A killer bee comes into view.
The killer bee stings Senakhtenre.
Your Fighting skill increases to level 8!
You miss the killer bee.
* * * LOW HITPOINT WARNING * * *
You feel sick. The killer bee misses you. The killer bee stings you.
* * * LOW HITPOINT WARNING * * *
Senakhtenre points at the killer bee and mumbles some strange words.
The killer bee resists with significant effort.
The killer bee closely misses you. The killer bee stings you.
You die...

.. # #y#
#.####y#
..†)Ry.#####
##@y....[.
...††y......
.....##.####
......#.....
..#...).#.##..
.......<.<...
#...........#
.....(......#
....)......#


You could see the friendly Senakhtenre the hexer and 5 killer bees.

Vanquished Creatures
  Maggie (D:8)
  2 hornets (D:8)
  A wyvern (D:8)
  An acid dragon (D:9)
  A water moccasin (D:7)
  3 ice beasts
  A centaur (D:8)
  A phantom (D:7)
  2 bullfrogs
  A kobold brigand (D:7)
  7 scorpions
  5 wights
  2 killer bees (D:9)
  A howler monkey (D:5)
  2 gnoll boudas
  2 jellies
  4 hounds
  4 iguanas
  14 gnolls
  2 adders
  A shadow imp (D:6)
  3 white imps
  2 ufetubi (D:4)
  2 worms
  A dart slug (D:1)
  12 orcs
  6 bats
  7 endoplasms
  6 goblins
  10 hobgoblins
  2 jackals (D:5)
  3 quokkas
  8 ball pythons
  8 kobolds
  5 rats
  3 rat zombies (D:7)
136 creatures vanquished.

Vanquished Creatures (collateral kills)
  An ice beast (D:7)
  2 centaurs
  A kobold brigand (D:7)
  A killer bee (D:9)
  A gnoll bouda (D:6)
  2 gnolls (D:6)
  4 orcs
  2 kobolds (D:7)
14 creatures vanquished.

Vanquished Creatures (others)
  A bush (D:8)
1 creature vanquished.

Grand Total: 151 creatures vanquished

Notes
Turn   | Place    | Note
-------+----------+-------------------------------------------
     0 | D:1      | cforsyth the Kobold Brigand began the quest for the Orb.
     0 | D:1      | Reached XP level 1. HP: 12/12 MP: 1/1
   113 | D:1      | Reached XP level 2. HP: 13/18 MP: 2/2
   298 | D:1      | Reached XP level 3. HP: 22/22 MP: 3/3
  1318 | D:2      | Found Tykki Teo's One-of-a-Kind Rings.
  2194 | D:3      | Reached XP level 4. HP: 27/27 MP: 4/4
  2194 | D:3      | Identified the +10 long sword "Paiklig" {elec, *Rage rF++
                  | Str+3 Stlth+}
  2232 | D:3      | Reached skill level 6 in Stealth
  2414 | D:3      | Identified the +4 hand axe "Jusozoj" {flame, rElec rPois
                  | Int-3 Dex+4}
  2567 | D:4      | Noticed a scorpion
  2576 | D:4      | Reached XP level 5. HP: 24/32 MP: 5/5
  2745 | D:4      | Found a runed translucent gate.
  2746 | D:4      | Found a runed translucent gate.
  2747 | D:4      | Found a runed translucent gate.
  3104 | D:5      | Entered Level 5 of the Dungeon
  3191 | D:5      | Found a staircase to the Ecumenical Temple.
  3258 | D:5      | Found Cykkeg Vysm's Jewellery Boutique.
  3265 | D:5      | Reached XP level 6. HP: 38/38 MP: 6/6
  3392 | Temple   | Entered the Ecumenical Temple
  3623 | Temple   | Became a worshipper of Hepliaklqana the Forgotten
  3810 | D:5      | Reached skill level 7 in Stealth
  3886 | D:5      | Reached skill level 5 in Short Blades
  3886 | D:5      | Reached XP level 7. HP: 8/43 MP: 7/7
  5072 | D:6      | Reached XP level 8. HP: 48/48 MP: 8/8
  5131 | D:6      | Found a transporter.
  5164 | D:6      | Reached * piety under Hepliaklqana
  5256 | D:6      | Reached skill level 5 in Fighting
  5256 | D:6      | Reached skill level 8 in Stealth
  5259 | D:6      | Reached skill level 5 in Dodging
  5300 | D:6      | Found a transporter.
  5615 | D:6      | Noticed a small abomination
  5923 | D:6      | Reached skill level 9 in Stealth
  5924 | D:6      | Noticed a troll
  5925 | D:6      | Noticed a troll
  5983 | D:7      | Reached XP level 9. HP: 49/49 MP: 9/9
  6130 | D:7      | Found Fothed's Distillery.
  6219 | D:7      | Reached ** piety under Hepliaklqana
  6220 | D:7      | Remembered your ancestor Senakhtenre as a hexer
  6297 | D:7      | Found Moantu's Gadget Gallery.
  6631 | D:7      | Found an ancient bone altar of Kikubaaqudgha.
  6831 | D:8      | Reached skill level 10 in Stealth
  6948 | D:8      | Identified the +6 rapier "Heitug" {protect, Str+8}
  6966 | D:8      | Noticed a hornet
  6970 | D:8      | Paralysed by a hornet for 1 turns
  6973 | D:8      | Killed a hornet
  7149 | D:8      | Found a blossoming altar of Fedhas.
  7640 | D:8      | Noticed Maggie
  7642 | D:8      | Killed Maggie
  7669 | D:8      | Noticed a hornet
  7677 | D:8      | Paralysed by a hornet for 1 turns
  7678 | D:8      | Killed a hornet
  7679 | D:8      | Reached XP level 10. HP: 30/56 MP: 10/10
  8381 | D:9      | Reached skill level 11 in Stealth
  8436 | D:9      | HP: 1/85 [killer bee (6)]
  8436 | D:9      | Slain by a killer bee

Illustrated notes

Levels and vault maps discovered:
D:1:      lightli_arrival_flooded_house, layout_basic, corexii_hall_statues_x
D:2:      layout_basic, minmay_misc_feat_encased, nicolae_shop_unique_rings
D:3:      layout_loops_cross, minmay_liquid_box
D:4:      layout_cave_pools, gammafunk_ghost_cemetery
D:5:      layout_basic, minmay_temple_entry_waves, serial_shops, shop
D:6:      layout_cave_pools, gammafunk_ghost_abyssal_escape,
          lightli_corner_chamber
D:7:      layout_gridville, lemuel_zombie_altar_kikubaaqudgha, serial_shops,
          shop_fountains, nicolae_shop_gadgets
D:8:      layout_basic, fedhas_bush_and_centaur_altar, uniq_maggie
D:9:      layout_basic, mainiacjoe_overflow_catch_the_wave
Temple:   eino_temple_rhombus

Skill      XL: |  1  2  3  4  5  6  7  8  9 10 |
---------------+-------------------------------+-----
Short Blades   | 3 4 5 6 7 9 |  9.6
Dodging        | 2 3 4 6 7 8 |  8.4
Fighting       | 3 4 6 7 8 |  8.0
Stealth        | 6 7 9 10 11 | 11.2
Throwing       | |  2.1

Action                     |  1- 3 |  4- 6 |  7- 9 | 10-12 || total
---------------------------+-------+-------+-------+-------++-------
  Melee: Dagger            |    89 |    67 |   150 |    11 ||   317
         Long sword        |       |    24 |    61 |     8 ||    93
         Punch             |       |     1 |     2 |       ||     3
         Rapier            |       |       |       |    24 ||    24
 Invoke: Ancestor Life: He |       |       |     1 |       ||     1
    Use: Potion            |       |     1 |       |       ||     1
   Stab: Sleeping          |    18 |    10 |    24 |       ||    52
         Distracted        |     1 |       |     2 |     1 ||     4
 Armour: Robe              |     9 |    17 |    20 |       ||    46
         Leather armour    |       |       |     7 |    15 ||    22
  Dodge: Dodged            |    48 |    75 |   126 |    86 ||   335

Table legend: (Time is in decaauts)
 A = Elapsed time spent in this place.
 B = Non-inter-level travel time spent in this place.
 C = Inter-level travel time spent in this place.
 D = Time resting spent in this place.
 E = Time spent auto-exploring this place.
 F = Levels seen in this place.
 G = Mean time per level.
                   A        B        C        D        E       F      G
               +--------+--------+--------+--------+--------+-----+--------+
         Total |   8473 |   8151 |    322 |   1359 |   5729 |  10 |  847.3 |
       Dungeon |   8225 |   7920 |    305 |   1359 |   5521 |   9 |  913.9 |
        Temple |    247 |    231 |     16 |      0 |    208 |   1 |  247.0 |
               +--------+--------+--------+--------+--------+-----+--------+

Top non-repeatable levels by time:
     D:5: 1612 daAuts
     D:8: 1583 daAuts
     D:6: 1101 daAuts
     D:1: 992 daAuts
     D:3: 787 daAuts
     D:7: 720 daAuts
     D:2: 700 daAuts
     D:4: 654 daAuts
  Temple: 247 daAuts
     D:9: 72 daAuts
